 Dungeon Crawl Stone Soup version 0.19-a0-1496-gfc80c20 (webtiles) character file.

71 AlphabetPasta the Skirmisher (level 4, -1/35 HPs)
             Began as a Mummy Fighter on Sept 9, 2016.
             Was an Initiate of Okawaru.
             Slain by Natasha (7 damage)
             ... on level 2 of the Dungeon.
             The game lasted 00:06:38 (1451 turns).

AlphabetPasta the Skirmisher (Mummy Fighter)        Turns: 1451, Time: 00:06:40

Health: -1/35      AC:  6    Str: 20    XL:     4   Next: 5%
Magic:  4/4        EV:  7    Int:  7    God:    Okawaru [......]
Gold:   72         SH:  9    Dex: 11    Spells: 0 memorised, 3 levels left

rFire  x . .     SeeInvis .     a - +0 long sword
rCold  + . .     Gourm    .     b - +0 scale mail
rNeg   + + +     Faith    .     c - +0 shield
rPois  ∞         Spirit   .     (no helmet)
rElec  .         Dismiss  .     (no cloak)
rCorr  .         Reflect  .     (no gloves)
MR     .....     Harm     .     (no boots)
Stlth  ..........               (no amulet)
                                (no ring)
                                (no ring)

@: no status effects
A: no food or potions, fire vulnerability, cold resistance 1, negative energy
resistance 3, torment resistance, unbreathing
a: Renounce Religion


You were on level 2 of the Dungeon.
You worshipped Okawaru.
Okawaru was noncommittal.
You were not hungry.

You visited 1 branch of the dungeon, and saw 2 of its levels.

You collected 72 gold pieces.

Inventory:

Hand Weapons
 a - a +0 long sword (weapon)
 k - a +0 hunting sling of freezing
Missiles
 g - a throwing net (quivered)
 l - 18 sling bullets
 m - 42 stones
Armour
 b - a +0 scale mail (worn)
 c - a +0 shield (worn)
Jewellery
 e - a +2 ring of slaying {unknown}
Scrolls
 d - 2 scrolls of teleportation {unknown}
 f - 3 scrolls of identify {unknown}
 h - a scroll of amnesia {unknown}
 j - a scroll of remove curse {unknown}
 n - a scroll of immolation {unknown}
Books
 i - a book of Clouds

   Spells                             Type                      Level
   a - Mephitic Cloud                 Conjuration/Poison/Air       3
   b - Conjure Flame                  Conjuration/Fire             3
   c - Poisonous Cloud                Conjuration/Poison/Air       6
   d - Freezing Cloud                 Conjuration/Ice/Air          6
   e - Ring of Flames                 Charms/Fire                  7


   Skills:
 + Level 3.4 Fighting
 + Level 2.1 Long Blades
 + Level 0.0(0.2) Slings
 - Level 0.7 Throwing
 + Level 3.0 Armour
 + Level 0.2 Dodging
 + Level 2.7 Shields
 + Level 0.0 Invocations


You had 3 spell levels left.
You didn't know any spells.

Dungeon Overview and Level Annotations

Branches:
Dungeon (2/15)

Altars:
Okawaru

Annotations:
D:2 Natasha


Innate Abilities, Weirdness & Mutations

You do not eat or drink.
Your flesh is vulnerable to fire.
You are immune to poison.
Your flesh is cold resistant. (rC+)
You are immune to negative energy. (rN+++)
You are immune to unholy pain and torment.
You can survive without breathing.


Message History

You block the adder's attack. Natasha claws you but does no damage.
You block the shadow imp's attack.
The shadow imp shouts, "Scamper away, thou feckless weather-bitten scavenger!"
You block the adder's attack. Natasha claws you but does no damage.
The shadow imp barely misses you.
You riposte.
You barely miss the shadow imp.
Your shield and scale mail prevent you from hitting Natasha.
You block the adder's attack. The shadow imp hits you. Natasha claws you.
The adder bites you but does no damage.
Your shield and scale mail prevent you from hitting Natasha.
The adder barely misses you.
You riposte.
You closely miss the adder. Natasha claws you.
The shadow imp puffs mist at you. The shadow imp hits you.
You barely miss Natasha. The adder bites you.
* * * LOW HITPOINT WARNING * * *
Natasha claws you.
* * * LOW HITPOINT WARNING * * *
You block the shadow imp's attack. You block the adder's attack.
The shadow imp barely misses you. Natasha claws you!
You die...

......# #.
#..#####..####
......# #..
#.######..##
......# ##..
#..........#
.....##
#.##..........#
....##
#.............#
.......#
#...........#
..8........
#...........#
.8.8...###.
#.S.........#
8._.8..#
#.#@#########
.8.8..##
......h5.#
..8...#
........w.#
.......
...........#
..........%#
............
............#
...?.......##


You could see a worm, Natasha, an adder and a shadow imp.

Vanquished Creatures
  3 adders (D:2)
  A dart slug (D:2)
  3 giant geckos
  A ball python (D:1)
  2 giant cockroaches (D:1)
  3 goblins
  6 hobgoblins
  4 jackals (D:2)
  4 kobolds
  2 bats
  A giant newt (D:1)
  8 rats
38 creatures vanquished.

Notes
Turn   | Place    | Note
-------+----------+-------------------------------------------
     0 | D:1      | AlphabetPasta the Mummy Fighter began the quest for the Orb.
     0 | D:1      | Reached XP level 1. HP: 18/18 MP: 1/1
    10 | D:1      | Upgraded the game from 0.19-a0-1492-gce1cc90 to 0.19-a0-1496-gfc80c20
   244 | D:1      | Reached XP level 2. HP: 22/24 MP: 2/2
   740 | D:2      | Reached XP level 3. HP: 9/29 MP: 3/3
  1011 | D:2      | Found an iron altar of Okawaru.
  1015 | D:2      | Became a worshipper of Warmaster Okawaru
  1042 | D:2      | Found a faded altar of an unknown god.
  1342 | D:1      | Reached XP level 4. HP: 35/35 MP: 4/4
  1442 | D:2      | Noticed Natasha
  1451 | D:2      | Slain by Natasha

Vault maps used:
D:1:      dpeg_arrival_prison
D:2:      ecumenical_altar_2, first_bread, okawaru_gym_becter, uniq_natasha

Skill      XL: |  1  2  3 |
---------------+----------+-----
Long Blades    | 2 |  2.1
Armour         | 3 |  3.0
Fighting       | |  3.4
Throwing       | |  0.7
Dodging        | |  0.2
Shields        | |  2.7

Action                   |  1- 3 |  4- 6 || total
-------------------------+-------+-------++-------
Melee: Long sword        |   115 |    12 ||   127
Armor: Scale mail        |    39 |     4 ||    43
Dodge: Dodged            |    32 |     4 ||    36
Block: Shield            |    49 |     8 ||    57
